 Dungeon Sprint DCSS version 0.22-a0-396-g3f858e3 (webtiles) character file.

116241437 emperorscorpion the Conqueror (level 23, 138/219 HPs)
             Began as a Demonspawn Berserker on May 3, 2018.
             Was the Champion of Trog.
             Escaped with the Orb
             ... and 17 runes on May 4, 2018!
             The game lasted 01:24:46 (15703 turns).

emperorscorpion the Conqueror (DsBe)               Turns: 15703, Time: 01:24:46

Health: 138/219    AC: 43    Str: 38    XL:     23   Next: 52%
Magic:  40/40      EV: 27    Int: 12    God:    Trog [******]
Gold:   280        SH:  8    Dex: 15    Spells: 38/38 levels left

rFire    . . .     SeeInvis +   a - +8 bardiche (flame)
rCold    + + .     Gourm    .   (shield currently unavailable)
rNeg     + . .     Faith    .   O - +16 plate armour "Woalohan" {*Contam rPois Dex+6}
rPois    +         Spirit   .   (helmet unavailable)
rElec    .         Reflect  .   J - +2 cloak {+Inv}
rCorr    .         Harm     .   Y - +2 pair of gloves
MR       +....     NoTele   +   K - +0 pair of boots "Giphopsu" {rC+ Str+3 Int+3 Dex-4}
Stlth    ++........             (no amulet)
HPRegen  0.46/turn              G - ring of ice
MPRegen  0.27/turn              C - ring "Zoraw" {+Blink rF+ rN+ Str+3 SInv}

@: mighty, hasted, very quick
A: antennae 3, large bone plates 3, blurry vision 1, deformed body, demonic
guardian 3, foul stench 2, augmentation 1, rot immunity
0: Orb of Zot
}: 17/15 runes: decaying, serpentine, barnacled, slimy, elven, silver, golden,
iron, obsidian, icy, bone, abyssal, glowing, magical, fiery, dark, gossamer
a: Berserk, Trog's Hand, Brothers in Arms, Renounce Religion, Evoke Blink, Evoke
Invisibility


You escaped.
You worshipped Trog.
Trog was exalted by your worship.
You were not hungry.

You visited 1 branch You collected 1981 gold pieces.
You spent 1701 gold pieces at shops.

Inventory:

Hand Weapons
 a - a +8 bardiche of flaming (weapon)
 b - a +5 blowgun
 k - a +4 bardiche of flaming
 p - the +2 great mace of Midnight {drain, +Rage rPois rC++ MR+}
   (Trog gifted it to you in the Dungeon)

   A truly terrible weapon, it drains the life of those it strikes.
   It greatly protects you from cold.
   It protects you from poison.
   It affects your resistance to hostile enchantments.
   It lets you go berserk.
 H - a +9 antimagic bardiche
Missiles
 j - 48 needles of sleeping
 o - 15 silver javelins
 r - 10 needles of paralysis
 u - 31 javelins of returning
 z - 13 javelins of penetration (quivered)
 A - a throwing net
 B - 15 needles of confusion
 D - 5 needles of frenzy
 F - 32 steel javelins
 L - 15 tomahawks of dispersal
 R - 20 curare-tipped needles
 V - 11 poisoned javelins
Armour
 J - a +2 cloak of invisibility (worn)
 K - the +0 pair of boots "Giphopsu" (worn) {rC+ Str+3 Int+3 Dex-4}
   (You found it in the Dungeon)

   It affects your strength (+3).
   It affects your intelligence (+3).
   It affects your dexterity (-4).
   It protects you from cold.
 N - the +2 cloak of the Thief {+Fog Slay-2 SInv Stlth+}
   (You bought it in a shop in the Dungeon)

   It affects your accuracy and damage with ranged weapons and melee attacks
   (-2).
   It lets you see invisible.
   It makes you more stealthy.
 O - the +16 plate armour "Woalohan" (worn) {*Contam rPois Dex+6}
   (You bought it in a shop in the Dungeon)

   It affects your dexterity (+6).
   It protects you from poison.
   It causes magical contamination when unequipped.
 P - the +3 leather armour "Jietunag" {rCorr}
   (You bought it in a shop in the Dungeon)

   It protects you from acid and corrosion.
 Y - a +2 pair of gloves (worn)
Jewellery
 q - the ring of Kaxt {rPois Str+3 SInv}
   (You found it in the Dungeon)

   [ring of see invisible]

   It affects your strength (+3).
   It protects you from poison.
   It lets you see invisible.
 s - a +3 ring of intelligence
 t - a +2 ring of protection
 C - the ring "Zoraw" (right hand) {+Blink rF+ rN+ Str+3 SInv}
   (You found it in the Dungeon)

   [ring of see invisible]

   It affects your strength (+3).
   It protects you from fire.
   It protects you from negative energy.
   It lets you see invisible.
   It lets you blink.
 G - a ring of ice (left hand)
 S - the ring of Lies {rF+ EV+3}
   (You found it in the Dungeon)

   [ring of evasion]

   It affects your evasion (+3).
   It protects you from fire.
 T - an uncursed ring of see invisible
 U - the ring of Wu Jian's Supremacy {rCorr rF++ rC- rN+ Int+3}
   (You found it in the Dungeon)

   [ring of resist corrosion]

   It affects your intelligence (+3).
   It greatly protects you from fire.
   It makes you vulnerable to cold.
   It protects you from negative energy.
 W - an uncursed ring of protection from fire
Wands
 n - a wand of iceblast (10)
 M - a wand of polymorph (10)
 Q - a wand of disintegration (9)
Scrolls
 i - 5 scrolls of blinking
 m - 5 scrolls of remove curse
 x - a scroll of enchant armour
 y - 3 scrolls of fog
 I - 5 scrolls of fear
Potions
 d - 15 potions of curing
 e - 7 potions of heal wounds
 f - 7 potions of haste
 g - 4 potions of magic
 h - 5 potions of berserk rage
 l - a potion of invisibility
 v - a potion of brilliance
 w - 2 potions of mutation
 X - a potion of might
Miscellaneous
 E - the horn of Geryon
 Z - a crystal ball of energy


   Skills:
 O Level 27 Fighting
 O Level 27 Maces & Flails
 O Level 27 Polearms
 O Level 27 Throwing
 O Level 27 Armour
 O Level 27 Dodging
 O Level 27 Stealth
 O Level 27 Unarmed Combat
 - Level 8.2 Spellcasting
 O Level 27 Evocations


You had 38 spell levels left.
You didn't know any spells.

Dungeon Overview and Level Annotations

Branches:
Dungeon (1/1)

Altars:
Cheibriados
Dithmenos
Elyvilon
Fedhas
Gozag
Hepliaklqana
Kikubaaqudgha
Makhleb
Nemelex Xobeh
Okawaru
Qazlal
Ru
Sif Muna
Trog
Uskayaw
Vehumet
Wu Jian
Xom
Yredelemnul
Zin
The Shining One
Beogh
Jiyva
Lugonu

Shops:
D *[:[


Innate Abilities, Weirdness & Mutations

You have a pair of large antennae on your head. (SInv)
You are completely covered in large bone plates. (SH +8)
A powerful demonic guardian rushes to your aid.
You frequently emit foul miasma when damaged in melee.
Your magical and physical power is slightly enhanced at high health.
You are immune to rotting.
Scrolls take you a little longer to read.
Armour fits poorly on your strangely shaped body.


Message History

There is a roughly hewn altar of Beogh here.
Something closely misses your lorocyproca.
There is an open door to the Temple here.
You open the Orb Guardian like a pillowcase!!!
You burn the Orb Guardian!
The Orb Guardian is heavily wounded.
Something bites your lorocyproca. The Orb Guardian closely misses you.
You slice the Orb Guardian like a ripe choko!!!
You burn the Orb Guardian!
You kill the Orb Guardian!
Trog accepts your kill.
The hell hound bites you but does no damage.
There is an open door, spattered with blood here.
You see here a giant club.
The hell hound breathes flames at you. The blast of flame misses you.
You see here a whip.
There is an open door to the Dungeon here.
There is a staircase leading out of the dungeon here.
You have escaped!

[[[[))..{........▓
▓▓▓▓▓▓▓▓▓▓▓▓▓▓▓▓.▓
...).[[..........▓
▓▓▓▓▓▓▓▓▓▓▓▓▓▓▓▓▓▓
.[).)....'.......▓
▓▓▓▓▓▓▓▓▓▓▓▓▓▓▓▓.▓
....)))..........▓
▓▓▓▓▓▓▓▓▓▓▓▓▓▓▓▓▓▓
'.....)....)'..h@▓
▓▓▓▓▓▓▓▓▓▓▓▓▓▓▓▓▓▓


You could see a hell hound.

Vanquished Creatures
  Cerebov (D)
  Antaeus (D)
  Asmodeus (D)
  Ereshkigal (D)
  the Royal Jelly (D)
  Gloorx Vloq (D)
  A seraph (D)
  Lom Lobon (D)
  Mnoleg (D)
  3 ancient liches (D)
  Dispater (D)
  3 orbs of fire (D)
  Mennas (D)
  5 greater mummies (D)
  Frederick (D)
  Margery (D)
  Xtahua (D)
  Geryon (D)
  3 golden dragons (D)
  Nikola (D)
  A profane servitor (D)
  Jory (D)
  2 Tzitzimimeh (D)
  4 bone dragons (D)
  6 pandemonium lords (D)
  An electric golem (D)
  A Brimstone Fiend (D)
  7 liches (D)
  A hellephant (D)
  Rupert (D)
  5 tentacled monstrosities (D)
  3 Ice Fiends (D)
  3 deep elf blademasters (D)
  9 acid blobs (D)
  40 Orb Guardians (D)
  A death cob (D)
  11 sphinxes (D)
  4 Executioners (D)
  2 tengu reavers (D)
  8 shadow dragons (D)
  5 storm dragons (D)
  A draconian monk (D)
  2 fire giants (D)
  7 azure jellies (D)
  2 draconian knights (D)
  5 nagarajas (D)
  3 deep elf sorcerers (D)
  3 frost giants (D)
  A daeva (D)
  An angel (D)
  2 vault wardens (D)
  5 ghost moths (D)
  4 emperor scorpions (D)
  A balrug (D)
  2 draconian shifters (D)
  3 ironheart preservers (D)
  5 draconian scorchers (D)
  A draconian annihilator (D)
  2 very ugly things (D)
  A reaper (D)
  8 vampire knights (D)
  3 stone giants (D)
  An entropy weaver (D)
  A deep elf demonologist (D)
  3 white draconians (D)
  A black draconian (D)
  A green draconian (D)
  Nessos (D)
  3 yellow draconians (D)
  A purple draconian (D)
  A red draconian (D)
  3 deep elf annihilators (D)
  4 ettins (D)
  5 mummy priests (D)
  4 blizzard demons (D)
  2 deep elf death magi (D)
  A fire dragon (D)
  A death ooze (D)
  2 merfolk impalers (D)
  4 merfolk javelineers (D)
  5 yaktaur captains (D)
  A great orb of eyes (D)
  5 hydras (D)
  2 deep elf high priests (D)
  A rakshasa (D)
  25 vault guards (D)
  A ghost crab (D)
  2 naga warriors (D)
  7 ice dragons (D)
  A centaur warrior (D)
  2 hell beasts (D)
  A spriggan air mage (D)
  A merfolk aquamancer (D)
  7 ogre magi (D)
  A merfolk avatar (D)
  An alligator (D)
  2 anacondas (D)
  2 two-headed ogres (D)
  A death knight (D)
  2 tengu warriors (D)
  A death yak (D)
  A deep troll shaman (D)
  A deep troll earth mage (D)
  7 hell hogs (D)
  An orc high priest (D)
  Nergalle (D)
  Sonja (D)
  4 hell knights (D)
  3 soul eaters (D)
  5 sun demons (D)
  2 skeletal warriors (D)
  A deep troll (D)
  A wizard (D)
  3 sea snakes (D)
  7 swamp dragons (D)
  A flayed ghost (D)
  2 ironbrand convokers (D)
  6 large abominations (D)
  2 harpies (D)
  A mana viper (D)
  3 necromancers (D)
  4 wolf spiders (D)
  2 cyclopes (D)
  4 orc knights (D)
  An orb spider (D)
  A manticore (D)
  12 moths of wrath (D)
  A toenail golem (D)
  2 guardian serpents (D)
  2 rust devils (D)
  4 black mambas (D)
  6 vault sentinels (D)
  10 smoke demons (D)
  A spiny frog (D)
  3 naga magi (D)
  Psyche (D)
  2 hellions (D)
  3 orange demons (D)
  A rime drake (D)
  A freezing wraith (D)
  A komodo dragon (D)
  2 demonic crawlers (D)
  6 yaktaurs (D)
  4 ice devils (D)
  5 red devils (D)
  15 guardian mummies (D)
  15 hellwings (D)
  3 hornets (D)
  A jumping spider (D)
  4 tyrant leeches (D)
  2 merfolk (D)
  2 slime creatures (D)
  A hippogriff (shapeshifter) (D)
  2 blink frogs (D)
  A flying skull (D)
  11 spriggans (D)
  4 ynoxinuls (D)
  2 redbacks (D)
  A yak (D)
  A vampire (D)
  A water elemental (D)
  2 golden eyes (D)
  Grum (D)
  2 neqoxecs (D)
  2 chaos spawn (D)
  3 vampire mosquitoes (D)
  An acid dragon (D)
  3 water moccasins (D)
  4 nagas (D)
  4 porcupines (D)
  6 hell hounds (D)
  8 orc warriors (D)
  2 swamp drakes (D)
  An ice beast (D)
  2 small abominations (D)
  6 ogres (D)
  2 wolves (D)
  A big kobold (shapeshifter) (D)
  2 crocodiles (D)
  9 bullfrogs (D)
  3 crimson imps (D)
  A quasit (D)
  2 orc priests (D)
  7 orc wizards (D)
  2 iron imps (D)
  A worker ant (D)
  3 white imps (D)
  An ufetubus (D)
  An adder skeleton (D)
  6 orcs (D)
  A goblin (D)
  A quokka (D)
  A bat (D)
  A frilled lizard (D)
  A kobold (D)
  A leopard gecko skeleton (D)
  A leopard gecko zombie (D)
  2 rats (D)
613 creatures vanquished.

Vanquished Creatures (collateral kills)
  Sojobo (D)
  A greater mummy (D)
  A pandemonium lord (D)
  4 Orb Guardians (D)
  A death cob (D)
  2 acid blobs (D)
  2 sphinxes (D)
  A storm dragon (D)
  A balrug (D)
  A draconian annihilator (D)
  A very ugly thing (D)
  A green draconian (D)
  An ettin (D)
  A thrashing horror (D)
  A soul eater (D)
  A sun demon (D)
  A wolf spider (D)
  An orb spider (D)
  A moth of wrath (D)
  An orange demon (D)
  A vault sentinel (D)
  A rust devil (D)
  A water nymph (D)
  2 guardian mummies (D)
  A wandering mushroom (D)
  A bog body (D)
  A redback (D)
  An insubstantial wisp (D)
  A hell hound (D)
  An ogre (D)
  A small abomination (D)
  A wight (D)
  An ufetubus (D)
39 creatures vanquished.

Vanquished Creatures (others)
  An Orb Guardian (D)
  A thorn hunter (D)
  Ilsuiw (D)
  A green draconian (D)
  2 merfolk javelineers (D)
  A merfolk avatar (D)
  A hydra (D)
  An alligator (D)
  A swamp dragon (D)
  A wolf spider (D)
  A tyrant leech (D)
  A ball lightning (D)
  A briar patch (D)
14 creatures vanquished.

Grand Total: 666 creatures vanquished

Notes
Turn   | Place    | Note
-------+----------+-------------------------------------------
     0 | D        | emperorscorpion the Demonspawn Berserker began the quest for the Orb.
     0 | D        | Reached XP level 1. HP: 18/18 MP: 1/1
     8 | D        | Reached ** piety under Trog
    25 | D        | Noticed an orc priest
    25 | D        | Noticed an ogre
    31 | D        | Killed an ogre
    31 | D        | Reached skill level 5 in Fighting
    31 | D        | Reached skill level 5 in Polearms
    31 | D        | Gained mutation: You are immune to rotting. [demonic ancestry]
    31 | D        | Reached XP level 2. HP: 28/28 MP: 2/2
    31 | D        | Gained mutation: You are partially covered in large bone plates. (SH +4) [demonic ancestry]
    31 | D        | Reached XP level 3. HP: 34/34 MP: 3/3
    31 | D        | Reached XP level 4. HP: 40/40 MP: 4/4
    33 | D        | Reached *** piety under Trog
    48 | D        | Found a roughly hewn altar of Beogh.
    48 | D        | Found a snail-covered altar of Cheibriados.
    48 | D        | Found a shadowy altar of Dithmenos.
    48 | D        | Found a white marble altar of Elyvilon.
    48 | D        | Found a blossoming altar of Fedhas.
    48 | D        | Found an opulent altar of Gozag.
    49 | D        | Found a hazy altar of Hepliaklqana.
    50 | D        | Found a viscous altar of Jiyva.
    51 | D        | Found an ancient bone altar of Kikubaaqudgha.
    52 | D        | Found a corrupted altar of Lugonu.
    53 | D        | Found a burning altar of Makhleb.
    54 | D        | Found a sparkling altar of Nemelex Xobeh.
    55 | D        | Found an iron altar of Okawaru.
    56 | D        | Found a stormy altar of Qazlal.
    57 | D        | Found a sacrificial altar of Ru.
    58 | D        | Found a deep blue altar of Sif Muna.
    59 | D        | Found a bloodstained altar of Trog.
    60 | D        | Found a hide-covered altar of Uskayaw.
    61 | D        | Found a radiant altar of Vehumet.
    62 | D        | Found an ornate altar of the Wu Jian Council.
    63 | D        | Found a shimmering altar of Xom.
    64 | D        | Found a basalt altar of Yredelemnul.
    65 | D        | Found a glowing silver altar of Zin.
    66 | D        | Found a glowing golden altar of the Shining One.
   112 | D        | Noticed a bullfrog
   112 | D        | Noticed an ice beast
   112 | D        | Noticed a water moccasin
   112 | D        | Noticed a bullfrog
   112 | D        | Noticed an ogre
   112 | D        | Noticed a bullfrog
   117 | D        | Killed a bullfrog
   117 | D        | Reached **** piety under Trog
   117 | D        | Gained mutation: You have a pair of small antennae on your head. [demonic ancestry]
   117 | D        | Reached XP level 5. HP: 48/48 MP: 5/5
   120 | D        | Killed an ogre
   123 | D        | Gained mutation: A weak demonic guardian rushes to your aid. [demonic ancestry]
   123 | D        | Reached XP level 6. HP: 56/56 MP: 6/6
   126 | D        | Killed a water moccasin
   130 | D        | Killed an ice beast
   130 | D        | Reached ***** piety under Trog
   130 | D        | Reached skill level 10 in Polearms
   130 | D        | Gained mutation: You may emit foul miasma when damaged in melee. [demonic ancestry]
   130 | D        | Reached XP level 7. HP: 63/63 MP: 7/7
   132 | D        | Reached skill level 5 in Armour
   166 | D        | Noticed a vampire
   166 | D        | Noticed a skeletal warrior
   178 | D        | Killed a skeletal warrior
   178 | D        | Reached skill level 10 in Fighting
   178 | D        | Reached skill level 5 in Dodging
   178 | D        | Gained mutation: You are mostly covered in large bone plates. (SH +6) [demonic ancestry]
   178 | D        | Reached XP level 8. HP: 72/72 MP: 8/8
   188 | D        | Received a gift from Trog
   314 | D        | Noticed a spiny frog
   334 | D        | Noticed a komodo dragon
   340 | D        | Received a gift from Trog
   347 | D        | Killed a spiny frog
   347 | D        | Gained mutation: You are completely covered in large bone plates. (SH +8) [demonic ancestry]
   347 | D        | Reached XP level 9. HP: 73/79 MP: 9/9
   359 | D        | Killed a komodo dragon
   359 | D        | Reached ****** piety under Trog
   388 | D        | Noticed a rime drake
   388 | D        | Noticed a black mamba
   389 | D        | Noticed a death yak
   398 | D        | Killed a black mamba
   408 | D        | Killed a rime drake
   408 | D        | Received a gift from Trog
   408 | D        | Reached skill level 15 in Polearms
   413 | D        | Killed a death yak
   416 | D        | Gained mutation: You frequently emit foul miasma when damaged in melee. [demonic ancestry]
   416 | D        | Reached XP level 10. HP: 89/89 MP: 8/10
   500 | D        | Received a gift from Trog
   599 | D        | Noticed Psyche
   607 | D        | Killed Psyche
   694 | D        | Received a gift from Trog
   722 | D        | Received a gift from Trog
   741 | D        | Noticed a stone giant
   763 | D        | HP: 6/138 [stone giant (27)]
   764 | D        | Killed a stone giant
  1498 | D        | Noticed an orc knight
  1498 | D        | Noticed an orc high priest
  1510 | D        | Noticed an orc knight
  1912 | D        | Killed an orc high priest
  1912 | D        | Received a gift from Trog
  1912 | D        | Gained mutation: A demonic guardian rushes to your aid. [demonic ancestry]
  1912 | D        | Reached XP level 11. HP: 100/100 MP: 3/11
  1913 | D        | Got a warped longbow {god gift}
  1914 | D        | Identified the +2 longbow "Xenuig" {freeze, Dex+4} (Trog gifted it to you in the Dungeon)
  1994 | D        | Killed an orc knight
  2036 | D        | Killed an orc knight
  2302 | D        | Found Siddocs's Antique Armour Boutique.
  2302 | D        | Noticed an ogre mage
  2302 | D        | Noticed an ogre mage
  2303 | D        | Noticed a two-headed ogre
  2306 | D        | Noticed an ogre mage
  2307 | D        | Killed an ogre mage
  2307 | D        | Received a gift from Trog
  2307 | D        | Reached skill level 1 in Stealth
  2312 | D        | Noticed a two-headed ogre
  2317 | D        | Killed an ogre mage
  2317 | D        | Reached skill level 10 in Armour
  2324 | D        | Killed a two-headed ogre
  2324 | D        | Reached skill level 15 in Fighting
  2333 | D        | Killed an ogre mage
  2333 | D        | Received a gift from Trog
  2339 | D        | Killed a two-headed ogre
  2518 | D        | Found Wifoic's Book Shop.
  2661 | D        | Found Vixas's Antique Armour Boutique.
  2665 | D        | Found Kooxzex's Assorted Antiques.
  2668 | D        | Noticed an ogre mage
  2669 | D        | Noticed an ogre mage
  2670 | D        | Noticed an ogre mage
  2673 | D        | Killed an ogre mage
  2683 | D        | Killed an ogre mage
  2683 | D        | Received a gift from Trog
  2686 | D        | Killed an ogre mage
  2697 | D        | Bought an iridescent halberd for 189 gold pieces
  2697 | D        | Bought a scroll of identify for 42 gold pieces
  2697 | D        | Bought a blackened bone wand for 84 gold pieces
  2703 | D        | Bought the +2 cloak of the Thief {+Fog Slay-2 SInv Stlth+} for 462 gold pieces
  2703 | D        | Found the +2 cloak of the Thief {+Fog Slay-2 SInv Stlth+}
  2703 | D        | Bought a crude plate armour for 644 gold pieces
  2707 | D        | Bought a faintly humming leather armour for 133 gold pieces
  2709 | D        | Bought a potion of curing for 63 gold pieces
  2709 | D        | Bought a twisted lead wand for 84 gold pieces
  2728 | D        | Identified the +3 leather armour "Jietunag" {rCorr} (You bought it in a shop in the Dungeon)
  2738 | D        | Identified the +16 plate armour "Woalohan" {*Contam rPois Dex+6} (You bought it in a shop in the Dungeon)
  2768 | D        | Noticed Sonja
  2775 | D        | Killed Sonja
  2860 | D        | Got the +6 shortbow "Tohe" {freeze, rN+ Str+2 Stlth-}
  2910 | D        | Identified the +7 halberd "Samnoisugi" {chop, Int+4} (You bought it in a shop in the Dungeon)
  2919 | D        | Noticed a tengu warrior
  2920 | D        | Noticed a four-headed hydra
  2926 | D        | Received a gift from Trog
  2929 | D        | Noticed a necromancer
  2933 | D        | Killed a tengu warrior
  2933 | D        | Reached XP level 12. HP: 111/111 MP: 4/12
  2937 | D        | Noticed an ettin
  2942 | D        | Killed an eight-headed hydra
  2954 | D        | Received a gift from Trog
  2955 | D        | Killed an ettin
  3150 | D        | Noticed a stone giant
  3151 | D        | Noticed an ettin
  3154 | D        | Noticed a tengu warrior
  3159 | D        | Killed a stone giant
  3159 | D        | Reached skill level 1 in Evocations
  3166 | D        | Killed an ettin
  3175 | D        | Received a gift from Trog
  3180 | D        | Killed a tengu warrior
  3244 | D        | Noticed Grum
  3247 | D        | Killed Grum
  3265 | D        | Noticed Rupert
  3276 | D        | Killed Rupert
  3309 | D        | Noticed an eight-headed hydra
  3309 | D        | Noticed an alligator
  3309 | D        | Noticed an alligator
  3310 | D        | Noticed a thorn hunter
  3319 | D        | Noticed a ghost crab
  3326 | D        | Killed an alligator
  3326 | D        | Received a gift from Trog
  3326 | D        | Killed an eight-headed hydra
  3327 | D        | Killed an alligator
  3334 | D        | Killed a thorn hunter
  3339 | D        | Killed a ghost crab
  3547 | D        | Reached XP level 13. HP: 112/119 MP: 4/14
  3561 | D        | Received a gift from Trog
  3572 | D        | Received a gift from Trog
  3581 | D        | Received a gift from Trog
  3661 | D        | Received a gift from Trog
  3850 | D        | Noticed an entropy weaver
  3858 | D        | Killed an entropy weaver
  3858 | D        | Received a gift from Trog
  3883 | D        | Received a gift from Trog
  4176 | D        | Noticed a lich
  4185 | D        | Noticed a storm dragon
  4196 | D        | Killed a lich
  4205 | D        | Received a gift from Trog
  4207 | D        | Noticed a sphinx
  4214 | D        | Noticed a purple very ugly thing
  4218 | D        | Noticed a green very ugly thing
  4232 | D        | Killed a storm dragon
  4548 | D        | Noticed an ettin
  4552 | D        | Received a gift from Trog
  4557 | D        | Killed a sphinx
  4561 | D        | Killed a red very ugly thing
  4561 | D        | Gained mutation: You have a pair of antennae on your head. [demonic ancestry]
  4561 | D        | Reached XP level 14. HP: 130/130 MP: 5/15
  4569 | D        | Killed a red very ugly thing
  4673 | D        | Received a gift from Trog
  4701 | D        | Noticed a fire giant
  4716 | D        | Killed a fire giant
  4716 | D        | Received a gift from Trog
  4891 | D        | Received a gift from Trog
  4920 | D        | Received a gift from Trog
  4922 | D        | Noticed a lich
  4938 | D        | Killed a lich
  4938 | D        | Received a gift from Trog
  4950 | D        | Noticed a fire giant
  4967 | D        | Killed a fire giant
  4967 | D        | Received a gift from Trog
  5181 | D        | Noticed Frederick
  5190 | D        | Killed Frederick
  5190 | D        | Reached skill level 1 in Throwing
  5206 | D        | Noticed Xtahua
  5216 | D        | Killed Xtahua
  5417 | D        | Received a gift from Trog
  5439 | D        | Noticed Nergalle
  5440 | D        | Noticed Margery
  5457 | D        | Killed Margery
  5457 | D        | Reached XP level 15. HP: 148/148 MP: 6/18
  5460 | D        | Received a gift from Trog
  5464 | D        | Killed Nergalle
  5468 | D        | Reached skill level 5 in Evocations
  5603 | D        | Noticed Jory
  5612 | D        | Killed Jory
  5612 | D        | Received a gift from Trog
  5659 | D        | Noticed Ilsuiw
  5661 | D        | Reached skill level 5 in Stealth
  5664 | D        | Reached skill level 15 in Armour
  5671 | D        | Killed Ilsuiw
  5679 | D        | Received a gift from Trog
  5723 | D        | Got a barnacled rune of Zot
  5924 | D        | Killed a ghost moth
  5924 | D        | Received a gift from Trog
  5948 | D        | Killed a ghost moth
  5967 | D        | Killed a ghost moth
  5967 | D        | Received a gift from Trog
  5977 | D        | Reached skill level 10 in Stealth
  5982 | D        | Reached skill level 10 in Evocations
  5996 | D        | Got a gossamer rune of Zot
  6080 | D        | Received a gift from Trog
  6105 | D        | Received a gift from Trog
  6131 | D        | Got a slimy glaive {god gift}
  6132 | D        | Identified the +1 glaive of Evisceration {chop, *Noise rN+ Dex+4} (Trog gifted it to you in the Dungeon)
  6144 | D        | Got a decaying rune of Zot
  6260 | D        | Noticed a nagaraja
  6260 | D        | Noticed a nagaraja
  6260 | D        | Noticed a nagaraja
  6263 | D        | Received a gift from Trog
  6265 | D        | Noticed a nagaraja
  6265 | D        | Killed a nagaraja
  6265 | D        | Received a gift from Trog
  6268 | D        | Killed a nagaraja
  6272 | D        | Killed a nagaraja
  6277 | D        | Killed a nagaraja
  6277 | D        | Received a gift from Trog
  6277 | D        | Gained mutation: You have a pair of large antennae on your head. (SInv) [demonic ancestry]
  6277 | D        | Reached XP level 16. HP: 118/163 MP: 24/24
  6292 | D        | Received a gift from Trog
  6306 | D        | Got a serpentine rune of Zot
  6560 | D        | Noticed Nikola
  6574 | D        | Killed Nikola
  6642 | D        | Received a gift from Trog
  6651 | D        | Received a gift from Trog
  6680 | D        | Received a gift from Trog
  6686 | D        | Received a gift from Trog
  6735 | D        | Received a gift from Trog
  6761 | D        | Reached skill level 27 in Fighting
  6904 | D        | Received a gift from Trog
  6907 | D        | Noticed a tentacled monstrosity
  6908 | D        | Found the +9 staff of Wucad Mu {channel}
  6918 | D        | Killed a tentacled monstrosity
  6918 | D        | Reached skill level 15 in Stealth
  6921 | D        | Noticed a shadow dragon
  6925 | D        | Received a gift from Trog
  6934 | D        | Reached skill level 15 in Evocations
  7206 | D        | Killed a shadow dragon
  7209 | D        | Received a gift from Trog
  7260 | D        | Identified the +8 longbow of Fafony {freeze, Str-4 Dex+3} (Trog gifted it to you in the Dungeon)
  7267 | D        | Noticed a shadow dragon
  7283 | D        | Killed a shadow dragon
  7305 | D        | Noticed a shadow dragon
  7305 | D        | Noticed an ancient lich
  7305 | D        | Noticed a shadow dragon
  7305 | D        | Noticed a shadow dragon
  7311 | D        | Received a gift from Trog
  7321 | D        | Killed an ancient lich
  7321 | D        | Received a gift from Trog
  7321 | D        | Reached skill level 10 in Dodging
  7324 | D        | Noticed a shadow dragon
  7326 | D        | Killed a shadow dragon
  7326 | D        | Gained mutation: A powerful demonic guardian rushes to your aid. [demonic ancestry]
  7326 | D        | Reached XP level 17. HP: 146/174 MP: 28/28
  7355 | D        | Received a gift from Trog
  7373 | D        | Got a wavering granite ring
  7377 | D        | Identified the ring of Kaxt {rPois Str+3 SInv} (You found it in the Dungeon)
  7388 | D        | Got a silver rune of Zot
  7423 | D        | Noticed Nessos
  7428 | D        | Killed Nessos
  7432 | D        | Noticed Mennas
  7464 | D        | Killed Mennas
  7521 | D        | Got the ring "Zoraw" {+Blink rF+ rN+ Str+3 SInv}
  7523 | D        | Got the ring of Lies {rF+ EV+3}
  7525 | D        | Got the ring of Wu Jian's Supremacy {rCorr rF++ rC- rN+ Int+3}
  7549 | D        | Got the +0 pair of boots "Giphopsu" {rC+ Str+3 Int+3 Dex-4}
  7655 | D        | Noticed Sojobo
  7677 | D        | Killed Sojobo
  7677 | D        | Received a gift from Trog
  7841 | D        | Received a gift from Trog
  7852 | D        | Received a gift from Trog
  7882 | D        | Noticed a bone dragon
  7891 | D        | Killed a bone dragon
  7891 | D        | Reached skill level 5 in Throwing
  7910 | D        | Received a gift from Trog
  7911 | D        | Noticed a bone dragon
  7912 | D        | Noticed a bone dragon
  7927 | D        | Killed a bone dragon
  7943 | D        | Killed a bone dragon
  7950 | D        | Received a gift from Trog
  7975 | D        | Noticed a tentacled monstrosity
  7983 | D        | Reached skill level 15 in Dodging
  7989 | D        | Killed a tentacled monstrosity
  8009 | D        | Noticed an orb of fire
  8013 | D        | Received a gift from Trog
  8022 | D        | Killed an orb of fire
  8022 | D        | Reached XP level 18. HP: 182/182 MP: 29/29
  8026 | D        | Received a gift from Trog
  8177 | D        | Noticed a golden dragon
  8179 | D        | Killed a golden dragon
  8185 | D        | Received a gift from Trog
  8190 | D        | Received a gift from Trog
  8216 | D        | Noticed a tentacled monstrosity
  8217 | D        | Received a gift from Trog
  8235 | D        | Killed a tentacled monstrosity
  8240 | D        | Received a gift from Trog
  8252 | D        | Received a gift from Trog
  8354 | D        | Noticed an Orb Guardian
  8354 | D        | Noticed an Orb Guardian
  8354 | D        | Noticed an Orb Guardian
  8354 | D        | Noticed an Orb Guardian
  8354 | D        | Noticed an Orb Guardian
  8354 | D        | Noticed an Orb Guardian
  8355 | D        | Killed an Orb Guardian
  8355 | D        | Received a gift from Trog
  8356 | D        | Noticed an Orb Guardian
  8358 | D        | Killed an Orb Guardian
  8359 | D        | Noticed an Orb Guardian
  8362 | D        | Killed an Orb Guardian
  8367 | D        | Killed an Orb Guardian
  8370 | D        | Killed an Orb Guardian
  8375 | D        | Killed an Orb Guardian
  8380 | D        | Killed an Orb Guardian
  8382 | D        | Killed an Orb Guardian
  8382 | D        | Received a gift from Trog
  8382 | D        | Reached skill level 27 in Armour
  8384 | D        | Noticed an Orb Guardian
  8385 | D        | Noticed an Orb Guardian
  8388 | D        | Killed an Orb Guardian
  8398 | D        | Killed an Orb Guardian
  8398 | D        | Received a gift from Trog
  8465 | D        | Noticed a tentacled monstrosity
  8465 | D        | Noticed an Orb Guardian
  8465 | D        | Noticed an Orb Guardian
  8471 | D        | Noticed an Orb Guardian
  8471 | D        | Killed an Orb Guardian
  8473 | D        | Killed a tentacled monstrosity
  8476 | D        | Noticed an Orb Guardian
  8478 | D        | Killed an Orb Guardian
  8482 | D        | Reached skill level 27 in Stealth
  8484 | D        | Killed an Orb Guardian
  8484 | D        | Received a gift from Trog
  8490 | D        | Killed an Orb Guardian
  8607 | D        | Noticed an ancient lich
  8608 | D        | Killed an ancient lich
  8608 | D        | Received a gift from Trog
  8608 | D        | Reached skill level 27 in Polearms
  8608 | D        | Reached XP level 19. HP: 189/189 MP: 30/30
  8611 | D        | Noticed an orb of fire
  8612 | D        | Killed an orb of fire
  8615 | D        | Noticed an electric golem
  8624 | D        | Killed an electric golem
  8731 | D        | Noticed a golden dragon
  8740 | D        | Received a gift from Trog
  8741 | D        | Reached skill level 10 in Throwing
  8745 | D        | Noticed an orb of fire
  8745 | D        | Killed a golden dragon
  8749 | D        | Noticed a golden dragon
  8752 | D        | Noticed an ancient lich
  8764 | D        | Gained mutation: Scrolls take you a little longer to read. [an orb of fire]
  8765 | D        | Killed an orb of fire
  8772 | D        | Killed a golden dragon
  8772 | D        | Received a gift from Trog
  8780 | D        | Killed an ancient lich
  8790 | D        | Received a gift from Trog
  8826 | D        | Received a gift from Trog
  8827 | D        | Got a shimmering great mace {god gift}
  8828 | D        | Identified the +2 great mace of Midnight {drain, +Rage rPois rC++ MR+} (Trog gifted it to you in the Dungeon)
  8858 | D        | Reached skill level 15 in Throwing
  8863 | D        | Received a gift from Trog
  8877 | D        | Received a gift from Trog
  8886 | D        | Received a gift from Trog
  9154 | D        | Received a gift from Trog
  9154 | D        | Received a gift from Trog
  9158 | D        | Received a gift from Trog
  9172 | D        | Noticed a lich
  9174 | D        | Received a gift from Trog
  9184 | D        | Received a gift from Trog
  9188 | D        | Killed a lich
  9188 | D        | Received a gift from Trog
  9261 | D        | Reached XP level 20. HP: 191/197 MP: 33/33
  9273 | D        | Received a gift from Trog
  9297 | D        | Identified the +5 glaive of Tisyck {vamp, rPois Dex+4} (Trog gifted it to you in the Dungeon)
  9323 | D        | Received a gift from Trog
  9323 | D        | Received a gift from Trog
  9331 | D        | Received a gift from Trog
  9350 | D        | Received a gift from Trog
  9372 | D        | Received a gift from Trog
  9381 | D        | Received a gift from Trog
  9389 | D        | Got an elven rune of Zot
  9676 | D        | Received a gift from Trog
  9692 | D        | Reached skill level 27 in Dodging
  9833 | D        | Noticed the Royal Jelly
  9842 | D        | Killed the Royal Jelly
  9845 | D        | Received a gift from Trog
  9862 | D        | Received a gift from Trog
  9914 | D        | Got a slimy rune of Zot
 10019 | D        | Received a gift from Trog
 10019 | D        | Received a gift from Trog
 10029 | D        | Received a gift from Trog
 10042 | D        | Received a gift from Trog
 10048 | D        | Received a gift from Trog
 10052 | D        | Received a gift from Trog
 10257 | D        | Received a gift from Trog
 10262 | D        | Received a gift from Trog
 10603 | D        | Received a gift from Trog
 10606 | D        | Reached skill level 27 in Throwing
 10617 | D        | Received a gift from Trog
 10884 | D        | Noticed a greater mummy
 10884 | D        | Noticed a greater mummy
 10884 | D        | Noticed a greater mummy
 10884 | D        | Noticed a greater mummy
 10884 | D        | Noticed a greater mummy
 10890 | D        | Killed a greater mummy
 10890 | D        | Received a gift from Trog
 10890 | D        | Reached XP level 21. HP: 120/204 MP: 37/37
 10891 | D        | Noticed a greater mummy
 10891 | D        | Killed a greater mummy
 10891 | D        | Killed a greater mummy
 10892 | D        | Killed a greater mummy
 10892 | D        | Reached skill level 27 in Evocations
 10894 | D        | Killed a greater mummy
 10894 | D        | Received a gift from Trog
 10897 | D        | Killed a greater mummy
 10897 | D        | Received a gift from Trog
 10908 | D        | Got a golden rune of Zot
 10928 | D        | Received a gift from Trog
 11239 | D        | Noticed Geryon
 11267 | D        | Killed Geryon
 11272 | D        | Noticed Mnoleg
 11272 | D        | Noticed Antaeus
 11279 | D        | Noticed Gloorx Vloq
 11281 | D        | Killed Antaeus
 11281 | D        | Received a gift from Trog
 11525 | D        | Gained mutation: Armour fits poorly on your strangely shaped body. [Mnoleg's mutagenic touch]
 11530 | D        | Killed Mnoleg
 11679 | D        | Killed Gloorx Vloq
 11679 | D        | Received a gift from Trog
 11679 | D        | Reached skill level 15 in Maces & Flails
 11679 | D        | Reached skill level 15 in Unarmed Combat
 12174 | D        | Got an icy rune of Zot
 12176 | D        | Noticed Cerebov
 12211 | D        | Noticed Ereshkigal
 12243 | D        | Killed Cerebov
 12257 | D        | Killed Ereshkigal
 12611 | D        | Got a glowing rune of Zot
 12616 | D        | Got a dark rune of Zot
 12618 | D        | Noticed Lom Lobon
 12620 | D        | Got a fiery rune of Zot
 12621 | D        | Noticed Asmodeus
 12656 | D        | Killed Lom Lobon
 12656 | D        | Received a gift from Trog
 12656 | D        | Received a gift from Trog
 12656 | D        | Reached XP level 22. HP: 135/212 MP: 39/39
 12905 | D        | Killed Asmodeus
 12929 | D        | Noticed Dispater
 12958 | D        | Killed Dispater
 12958 | D        | Received a gift from Trog
 12971 | D        | Got a bone rune of Zot
 12975 | D        | Got a magical rune of Zot
 12979 | D        | Got an obsidian rune of Zot
 12983 | D        | Got an iron rune of Zot
 13130 | D        | Got an abyssal rune of Zot
 13397 | D        | Got the Orb of Zot
 13539 | D        | Received a gift from Trog
 13543 | D        | Received a gift from Trog
 13658 | D        | Received a gift from Trog
 13674 | D        | Noticed Zuwihodd the pandemonium lord
 13687 | D        | Killed Zuwihodd the pandemonium lord
 13847 | D        | Noticed Maifuwnyku the pandemonium lord
 13855 | D        | Killed Maifuwnyku the pandemonium lord
 13855 | D        | Received a gift from Trog
 13894 | D        | Received a gift from Trog
 14154 | D        | Received a gift from Trog
 14263 | D        | Noticed Ginadghoyv the pandemonium lord
 14278 | D        | Killed Ginadghoyv the pandemonium lord
 14440 | D        | Received a gift from Trog
 14590 | D        | Received a gift from Trog
 14684 | D        | Received a gift from Trog
 14747 | D        | Received a gift from Trog
 14803 | D        | Received a gift from Trog
 14813 | D        | Received a gift from Trog
 14825 | D        | Received a gift from Trog
 14885 | D        | Received a gift from Trog
 14895 | D        | Received a gift from Trog
 14932 | D        | Noticed Babarig the pandemonium lord
 14937 | D        | Killed Babarig the pandemonium lord
 14973 | D        | Received a gift from Trog
 15031 | D        | Reached skill level 27 in Maces & Flails
 15031 | D        | Reached skill level 27 in Unarmed Combat
 15105 | D        | Received a gift from Trog
 15117 | D        | Received a gift from Trog
 15228 | D        | Received a gift from Trog
 15266 | D        | Noticed Lyjut the pandemonium lord
 15280 | D        | Killed Lyjut the pandemonium lord
 15280 | D        | Gained mutation: Your magical and physical power is slightly enhanced at high health. [demonic ancestry]
 15280 | D        | Reached XP level 23. HP: 172/219 MP: 40/40
 15332 | D        | Received a gift from Trog
 15340 | D        | Received a gift from Trog
 15346 | D        | Noticed Fyrr the pandemonium lord
 15348 | D        | Paralysed by Fyrr for 5 turns
 15355 | D        | Killed Fyrr the pandemonium lord
 15367 | D        | Received a gift from Trog
 15380 | D        | Received a gift from Trog
 15398 | D        | Received a gift from Trog
 15403 | D        | Noticed Gothritt the pandemonium lord
 15408 | D        | Killed Gothritt the pandemonium lord
 15467 | D        | Received a gift from Trog
 15474 | D        | Received a gift from Trog
 15502 | D        | Received a gift from Trog
 15538 | D        | Received a gift from Trog
 15543 | D        | Received a gift from Trog
 15596 | D        | Received a gift from Trog
 15640 | D        | Received a gift from Trog
 15654 | D        | Noticed a seraph
 15672 | D        | Killed a seraph
 15703 | D        | Escaped with the Orb!

Vault maps used:
D:        linesprint

Skill      XL: |  1  2  3  4  5  6  7  8  9 10 11 12 13 14 15 16 17 18 19 20 21 22 |
---------------+-------------------------------------------------------------------+-----
Polearms       | 5 7 8 10 12 13 15 17 19 22 25 26 27 | 27.0
Armour         | 3 4 5 6 7 9 11 12 14 15 20 25 27 | 27.0
Dodging        | 2 3 4 5 6 7 10 16 19 25 27 | 27.0
Fighting       | 5 7 8 10 12 14 15 16 18 22 25 27 | 27.0
Stealth        | 2 4 12 16 21 27 | 27.0
Evocations     | 1 4 11 15 19 25 27 | 27.0
Throwing       | 2 3 6 7 18 27 | 27.0
Maces & Flails | 20 27 | 27.0
Unarmed Combat | 20 27 | 27.0
Spellcasting   | 8 |  8.2

Action                   |  1- 3 |  4- 6 |  7- 9 | 10-12 | 13-15 | 16-18 | 19-21 | 22-24 || total
-------------------------+-------+-------+-------+-------+-------+-------+-------+-------++-------
Melee: Spear             |    12 |     8 |       |       |       |       |       |       ||    20
       Halberd           |       |    17 |    23 |       |       |       |       |       ||    40
       Trident           |       |       |    69 |    63 |       |       |       |       ||   132
       Glaive            |       |       |       |   141 |       |       |       |       ||   141
       Bardiche          |       |       |       |   133 |   479 |   538 |   471 |   401 ||  2022
 Fire: Blowgun           |       |       |       |       |     2 |     7 |    24 |     7 ||    40
Throw: Javelin           |       |       |       |       |       |       |    36 |    95 ||   131
       Throwing net      |       |       |       |       |       |       |     1 |       ||     1
Invok: Berserk           |     1 |     1 |     3 |     2 |     6 |     1 |     3 |     1 ||    18
       Trog's Hand       |       |       |     1 |     3 |     5 |     5 |    10 |     5 ||    29
       Brothers in Arms  |       |       |       |     1 |     4 |       |     5 |       ||    10
 Abil: Evoke Invisibilit |       |       |       |       |     3 |     6 |     1 |       ||    10
       Evoke Blink       |       |       |       |       |       |       |     2 |       ||     2
Evoke: Wand              |       |       |       |     2 |       |       |     4 |     1 ||     7
  Use: Potion            |       |       |       |     1 |       |       |     3 |     4 ||     8
       Scroll            |       |       |       |     2 |     2 |     7 |     4 |       ||    15
 Stab: Distracted        |       |       |       |     1 |     1 |    11 |     4 |     1 ||    18
       Invisible         |       |       |       |       |    18 |    15 |     3 |       ||    36
       Held in net/web   |       |       |       |       |     2 |       |     1 |       ||     3
       Sleeping          |       |       |       |       |       |     8 |    11 |       ||    19
       Paralysed         |       |       |       |       |       |       |     5 |    11 ||    16
  Eat: Chunk             |       |       |     3 |    11 |    14 |    12 |     5 |     3 ||    48
       Ration            |       |       |       |     1 |     2 |       |     5 |     3 ||    11
Armor: Animal skin       |     1 |     1 |       |       |       |       |       |       ||     2
       Plate armour      |       |     8 |    15 |   105 |   197 |   133 |   145 |   106 ||   709
Dodge: Dodged            |     3 |     4 |    16 |    67 |   110 |   119 |   212 |   180 ||   711
Block: Other             |       |     2 |     5 |    47 |    89 |    63 |    98 |    79 ||   383

Table legend:
 A = Spawn XP
 B = Non-spawn XP
 C = Spawn XP percentage of total XP
 D = Spawn monster count
 E = Non-spawn monster count
 F = Spawn count percentage of total count
 G = Total turns spent on level
                    A         B        C        D         E        F      G
               +---------+---------+-------+---------+---------+-------+---------
         Total |       0 |  734116 |   0.0 |       0 |     513 |   0.0 | 15703
               +---------+---------+-------+---------+---------+-------+---------
             D |       0 |  734116 |   0.0 |       0 |     513 |   0.0 | 15703
               +---------+---------+-------+---------+---------+-------+---------
